 Dungeon Crawl Stone Soup version 0.27.0-1-g7a089689b8 (webtiles) character file.

Game seed: 5590373960081522237

134 Acheron the Stinger (level 5, 0/29 HPs)
             Began as a Gargoyle Venom Mage on Aug 1, 2021.
             Slain by an ogre (21 damage)
             ... on level 5 of the Dungeon.
             The game lasted 00:24:46 (3875 turns).

Acheron the Stinger (Gargoyle Venom Mage)           Turns: 3875, Time: 00:24:47

Health: 0/29       AC:  7    Str: 12    XL:     5   Next: 17%
Magic:  9/9        EV: 11    Int: 16    God:
Gold:   260        SH:  3    Dex: 10    Spells: 6/9 levels left

rFire    . . .     SeeInvis .   b - +0 hand axe
rCold    . . .     Faith    .   m - +0 buckler
rNeg     + . .     Spirit   .   j - +0 leather armour
rPois    ∞         Reflect  .   (no helmet)
rElec    +         Harm     .   (no cloak)
rCorr    .         Rampage  .   (no gloves)
Will     .....                  (no boots)
Stlth    ++........             (no amulet)
HPRegen  0.09/turn              (no ring)
MPRegen  0.11/turn              (no ring)

@: no status effects
A: sickness immunity, AC +4, negative energy resistance 1, electricity
resistance, torment resistance 1, petrification resistance
a: no special abilities


You were on level 5 of the Dungeon.
You visited 1 branch of the dungeon, and saw 5 of its levels.

You collected 260 gold pieces.

Inventory:

Hand Weapons
 b - a +0 hand axe (weapon)
 f - a +0 hunting sling
Missiles
 c - 98 stones
 n - 6 atropa-tipped darts
 o - a curare-tipped dart (quivered)
Armour
 a - a +0 robe
 j - a +0 leather armour (worn)
 m - a +0 buckler (worn)
Scrolls
 g - 2 scrolls of teleportation
 p - a scroll of torment {unknown}
Potions
 d - a potion of haste {unknown}
 e - a potion of flight {unknown}
 h - a potion of berserk rage {unknown}
 i - a potion of heal wounds {unknown}
 k - a potion of cancellation {unknown}
 l - a potion of curing {unknown}
 q - a potion of degeneration {unknown}


   Skills:
 * Level 1.4 Fighting
 + Level 0.9 Short Blades
 * Level 0.2 Axes
 * Level 0.3 Armour
 * Level 2.2 Dodging
 * Level 2.8 Stealth
 * Level 0.2 Shields
 * Level 2.7 Spellcasting
 * Level 1.4 Transmutations
 * Level 3.3 Poison Magic


You had 6 spell levels left.
You knew the following spells:

 Your Spells              Type           Power      Damage    Failure   Level
a - Sting                 Tmut/Pois      40%        1d5       16%         1
b - Poisonous Vapours     Pois/Air       14%        N/A       30%         2

Your spell library contained the following spells:

 Spells                   Type           Power      Damage    Failure   Level
 Mephitic Cloud           Conj/Pois/Air  5%         N/A       61%         3
 Olgreb's Toxic Radiance  Pois           13%        N/A       71%         4


Dungeon Overview and Level Annotations

Branches:
Dungeon (5/15)
 Temple: D:4-7

Altars:
Cheibriados
Qazlal

Annotations:
D:1 exclusion: downstairs
D:2 Sigmund
D:3 Jessica, Terence


Innate Abilities, Weirdness & Mutations

You are immune to sickness and miasma.
Your stone body is resilient. (AC +4)
You are immune to poison.
You resist negative energy. (rN+)
You are resistant to electric shocks. (rElec)
You are resistant to unholy torment.
You are immune to petrification.


Message History

A scorpion comes into view.
Found 6 stones.
An iguana comes into view.
Found a book of Storms.
An ogre comes into view. It is wielding a +0 giant club.
The ogre shouts!
The ogre moves out of view.
Throw: 8 darts (atropa)
Press: ? - help, Q - select action, (/) - cycle Shift-Dir - straight line, f - ogre
Aim: an ogre, wielding a +0 giant club (71% to hit, chance to blind on hit: 51%)
You throw an atropa-tipped dart.
The atropa-tipped dart barely misses the ogre.
Throw: 7 darts (atropa)
Press: ? - help, Q - select action, (/) - cycle Shift-Dir - straight line, f/p - ogre
Aim: an ogre, wielding a +0 giant club (71% to hit, chance to blind on hit: 51%)
You throw an atropa-tipped dart.
The atropa-tipped dart barely misses the ogre.
Throw: 3 darts (curare)
Press: ? - help, Q - select action, (/) - cycle Shift-Dir - straight line, f/p - ogre
Aim: an ogre, wielding a +0 giant club (71% to hit)
You throw a curare-tipped dart.
The curare-tipped dart completely misses the ogre.
Throw: 2 darts (curare)
Press: ? - help, Q - select action, (/) - cycle Shift-Dir - straight line, f/p - ogre
Aim: an ogre, wielding a +0 giant club (71% to hit)
You throw a curare-tipped dart. The curare-tipped dart hits the ogre.
The ogre is poisoned.
The ogre convulses.
The ogre seems to slow down.
The ogre is moderately wounded.
The ogre barely misses you.
You slash the ogre!
The ogre is heavily wounded.
You hit the ogre.
The ogre is severely wounded.
The ogre hits you with a +0 giant club!
You hit the ogre.
The ogre is almost dead.
The ogre hits you with a +0 giant club!!
Ouch! That really hurt!
You die...

........#######.# .....
########.# .....
#........# ......
#........#
.....(##........#
......(......(..# ###
#......(........# #..
#.......O.......# #..
########.@......########..
#..................
#........########..
#........# #.. ##########
#.. #.. #.. #.. #..


You could see an ogre (poisoned, slow).

Vanquished Creatures
  Natasha (twice) (D:2)
  A hound zombie (D:3)
  2 adders
  A dart slug (D:1)
  5 endoplasms
  7 goblins
  4 hobgoblins
  7 jackals
  A kobold (D:2)
  2 quokkas
  3 ball pythons
  5 bats
  3 frilled lizards
  4 rats
47 creatures vanquished.

Vanquished Creatures (others)
  17 plants (D:4)
17 creatures vanquished.

Grand Total: 64 creatures vanquished

Notes
Turn   | Place    | Note
-------+----------+-------------------------------------------
     0 | D:1      | Acheron the Gargoyle Venom Mage began the quest for the
                  | Orb.
     0 | D:1      | Reached XP level 1. HP: 10/10 MP: 3/3
   178 | D:1      | Reached XP level 2. HP: 16/16 MP: 0/5
   658 | D:2      | Noticed Natasha
   930 | D:1      | Reached skill level 1 in Transmutations
  1036 | D:1      | Reached skill level 1 in Fighting
  1073 | D:1      | Learned a level 2 spell: Poisonous Vapours
  1243 | D:2      | Reached XP level 3. HP: 16/20 MP: 3/6
  1418 | D:3      | Noticed Jessica
  1612 | D:2      | Killed Natasha
  1690 | D:2      | Noticed Natasha
  1906 | D:2      | Reached XP level 4. HP: 25/25 MP: 5/7
  2455 | D:2      | Noticed Sigmund
  3047 | D:3      | Noticed Terence
  3143 | D:2      | Killed Natasha
  3144 | D:2      | Reached XP level 5. HP: 27/29 MP: 6/9
  3390 | D:4      | Found a snail-covered altar of Cheibriados.
  3733 | D:5      | Entered Level 5 of the Dungeon
  3808 | D:5      | Found a stormy altar of Qazlal.
  3865 | D:5      | Noticed an ogre
  3875 | D:5      | Slain by an ogre

Illustrated notes

Levels and vault maps discovered:
D:1:      lightli_arrival_windingriver, layout_rooms, bh_walls_and_bars
D:2:      layout_loops_ring, kennysheep_generic_room_16, uniq_sigmund,
          uniq_natasha
D:3:      layout_loops_ring, uniq_terence, uniq_crazy_yiuf_cottage, uniq_jessica
D:4:      layout_gridville, amcnicky_altar_gilded, serial_bayou,
          serial_bayou_shore_a, serial_bayou_lagoon_a, serial_bayou_lagoon_b,
          serial_bayou_lake_a, serial_bayou_pond_d, minmay_fractal_squares_5
D:5:      layout_basic, nicolae_qazlal_general_emergency

Skill      XL: |  1  2  3  4 |
---------------+-------------+-----
Transmutations | 1 |  1.4
Fighting       | 1 |  1.4
Dodging        | 2 |  2.2
Short Blades   | |  0.9
Axes           | |  0.2
Armour         | |  0.3
Stealth        | |  2.8
Shields        | |  0.2
Spellcasting   | |  2.7
Poison Magic   | |  3.3

Action                   |  1- 3 |  4- 6 || total
-------------------------+-------+-------++-------
Melee: Dagger            |    40 |    12 ||    52
       Hand axe          |       |    76 ||    76
 Fire: Hunting sling     |       |     5 ||     5
Throw: Stone             |     1 |     1 ||     2
       Dart              |       |     4 ||     4
 Cast: Sting             |    42 |    12 ||    54
  Use: Scroll            |       |     5 ||     5
 Stab: Sleeping          |       |     1 ||     1
Armor: Robe              |    14 |     6 ||    20
       Leather armour    |       |    39 ||    39
Dodge: Dodged            |    23 |    68 ||    91
Block: Buckler           |       |    11 ||    11
